 Dungeon Crawl Stone Soup version 0.15-a0-1995-g7e6aeab (webtiles) character file.

119 N00bl0rd the Bolt Thrower (level 5, 0/29 HPs)
             Began as a Kobold Arcane Marksman on July 10, 2014.
             Was an Initiate of Okawaru.
             Slain by an adder (3 damage)
             ... on Level 3 of the Dungeon on July 11, 2014.
             The game lasted 00:09:09 (2222 turns).

N00bl0rd the Bolt Thrower (Kobold Arcane Marksman)  Turns: 2222, Time: 00:09:09

HP   0/29        AC  4     Str 11      XL: 5   Next: 23%
MP   9/9         EV 15     Int 11      God: Okawaru [......]
Gold 67          SH  0     Dex 15      Spells:  3 memorised,  2 levels left

rFire  . . .     SeeInvis .     b - +0 crossbow
rCold  . . .     Clarity  .     a - +0 robe
rNeg   . . .     rCorr    .     (no shield)
rPois  .         rRot     .     (no helmet)
rElec  .         Spirit   .     (no cloak)
SustAb .         Warding  .     h - +0 pair of gloves
rMut   .         Stasis   .     p - +0 pair of boots
Gourm  .                        (no amulet)
MR     .....                    (no ring)
                                e - ring of loudness

@: lethally poisoned, not resistant to hostile enchantments, extremely
unstealthy
A: carnivore 3
a: Renounce Religion


You were on level 3 of the Dungeon.
You worshipped Okawaru.
Okawaru was noncommittal.
You were completely stuffed.

You visited 1 branch of the dungeon, and saw 3 of its levels.

You collected 67 gold pieces.

Inventory:

Hand weapons
 b - a +0 crossbow (weapon)
Missiles
 c - 19 bolts (quivered)
Armour
 a - a +0 robe (worn)
 h - a +0 pair of gloves (worn)
 p - a +0 pair of boots (worn)
Comestibles
 f - 2 meat rations
 i - a slice of pizza
 q - a beef jerky
Scrolls
 g - 4 scrolls of teleportation {unknown}
 k - a scroll of enchant weapon {unknown}
 m - 2 scrolls of identify {unknown}
 r - a scroll of fog {unknown}
Jewellery
 e - a ring of loudness (left hand)
 t - an uncursed ring of protection from fire {unknown}
Potions
 j - a potion of heal wounds {unknown}
 l - a potion of curing {unknown}
 n - a potion of degeneration {unknown}
 o - 2 potions of mutation {unknown}
Books
 d - a book of Debilitation

   Spells                             Type                      Level
   *Corona                            Hexes                        1
   *Slow                              Hexes                        2
   *Inner Flame                       Hexes/Fire                   3
   Enslavement                        Hexes                        4
   Cause Fear                         Hexes                        4
   Leda's Liquefaction                Hexes/Earth                  4


   Skills:
 - Level 1.1 Fighting
 * Level 4.1 Crossbows
 - Level 2.4 Dodging
 + Level 2.4 Spellcasting
 * Level 3.9 Hexes


You had 2 spell levels left.
You knew the following spells:

 Your Spells              Type           Power        Failure   Level  Hunger
a - Corona                Hex            ##.....      6%          1    ##.....
b - Slow                  Hex            ##......     10%         2    ###....
c - Inner Flame           Hex/Fire       #.......     38%         3    ####...


Dungeon Overview and Level Annotations

Branches:
Dungeon (3/15)

Altars:
Okawaru


Innate Abilities, Weirdness & Mutations

You are small and have problems with some larger weapons.
You are carnivorous and can eat meat at any time.


Message History

Firing (i - inventory):
c - 22 bolts (quivered)
Press: ? - help, Shift-Dir - straight line, f/p - adder
Aim: an adder (severely wounded)
You shoot a bolt. The bolt completely misses the adder.
You feel sick. The adder barely misses you. The adder bites you.
Firing (i - inventory):
c - 21 bolts (quivered)
Press: ? - help, Shift-Dir - straight line, f/p - adder
Aim: an adder (severely wounded)
You shoot a bolt. The bolt closely misses the adder.
* * * LOW HITPOINT WARNING * * *
You feel sick. The adder misses you. The adder bites you.
* * * LOW HITPOINT WARNING * * *
Firing (i - inventory):
c - 20 bolts (quivered)
Press: ? - help, Shift-Dir - straight line, f/p - adder
Aim: an adder (severely wounded)
You shoot a bolt. The bolt hits the adder.
The adder is almost dead.
* * * LOW HITPOINT WARNING * * *
You feel sick. The adder bites you but does no damage. The adder bites you.
You die...

### #.. #.#####
############
#......
#........(.#
#.#.###
#.########.# #.#.#
#.########.#+#.#.#
#........#.....#.#
#..@####.#.....#.#
+...S..#
#.....#.###
#...##.#
#.#'#.#.#.. #####
# #.#.#.#.#.#
#.#)#.#.#..
..#.#.#.#..
..#.#.#<...
.#.#.#....
#.#.#.#..


You could see an adder.

Vanquished Creatures
  3 gnolls (D:2)
  3 adders (D:2)
  2 worms (D:2)
  A giant gecko (D:2)
  4 oozes
  A giant cockroach (D:2)
  5 goblins
  6 hobgoblins
  7 kobolds
  A ball python (D:2)
  8 bats
  3 giant newts (D:2)
  6 rats
50 creatures vanquished.

Notes
Turn   | Place    | Note
--------------------------------------------------------------
     0 | D:1      | N00bl0rd, the Kobold Arcane Marksman, began the quest for the Orb.
     0 | D:1      | Reached XP level 1. HP: 12/12 MP: 2/2
     5 | D:1      | Upgraded the game from 0.15-a0-1968-gb423ccb to 0.15-a0-1995-g7e6aeab
    98 | D:1      | Reached XP level 2. HP: 16/16 MP: 1/3
   111 | D:1      | Learned a level 2 spell: Slow
   499 | D:1      | Reached XP level 3. HP: 18/20 MP: 5/5
   777 | D:2      | Found an iron altar of Okawaru.
   783 | D:2      | Became a worshipper of Warmaster Okawaru
  1141 | D:2      | Reached XP level 4. HP: 17/25 MP: 7/7
  1430 | D:2      | Reached XP level 5. HP: 20/29 MP: 5/9
  1662 | D:2      | Reached skill level 4 in Crossbows
  1688 | D:2      | Learned a level 3 spell: Inner Flame
  2222 | D:3      | Slain by an adder

Action                   |  1- 3 |  4- 6 || total
-------------------------+-------+-------++-------
 Fire: Crossbow          |    76 |    64 ||   140
 Cast: Corona            |     7 |     4 ||    11
       Slow              |     3 |     1 ||     4
  Use: Scroll            |       |     1 ||     1
  Eat: Chunk             |     9 |     4 ||    13
